cohdb
Replays
Latest Replays
All Replays
Popular Replays
Top Player Replays
Match Explorer
How It Works
Community
CoH3 Stats
Reddit
Sign in to upload your games and track your stats! →
Sign in with Steam
Match 41774018
Unlisted
Match 41774018
Overview
Messages
Build Orders
End
Kradschützen Motorcycle Team
Panzergrenadier Squad
Panzergrenadier Squad
Construct Light Support Kompanie
MG34 Team
Construct Mechanized Kompanie
Support Armor Elements
StuG III D Assault Gun
Veteran Squad Leaders
Panzerjäger Mechanized Group
Selects Panzerjäger Kommand Battlegroup
Selects Mine Fields
Selects Defensive Positions
Selects Tank Busters
Construct Panzerarmee Kommand
Emergency Repair Kits
le.IG 18 Support Gun Team
Panzer III L Medium Tank
2.5-tonne Medical Truck
Panzer III L Medium Tank
Selects Butterfly Bomb Drop
Selects Crew Shock Tactics
Saueee
Uwe Berger
Hydra7-1
[WLF] WhiteWolf
0
0
Comments
sign in to comment!
No comments posted yet!